 Dungeon Crawl Stone Soup version 0.27-a0-1202-ge72e49191c (webtiles) character file.

Game seed: 13832424686647876430

172 deadmanwalking the Sneak (level 5, -2/20 (25) HPs)
             Began as a Spriggan Brigand on June 4, 2021.
             Was an Initiate of Sif Muna.
             Slain by Edmund
             ... wielding a +0 flail of draining
              (8 damage)
             ... on level 4 of the Dungeon.
             The game lasted 00:08:14 (2807 turns).

deadmanwalking the Sneak (Spriggan Brigand)         Turns: 2807, Time: 00:08:15

HP:   -2/20 (25)    AC:  3    Str: 13    XL:     5   Next: 27%
MP:   7/7           EV: 16    Int: 12    God:    Sif Muna [......]
Gold: 212           SH:  0    Dex: 18    Spells: 4/4 levels left

rFire    . . .     SeeInvis +   a - +3 dagger (speed)
rCold    . . .     Faith    .   (shield restricted)
rNeg     . . .     Spirit   .   b - +0 robe
rPois    .         Reflect  .   (helmet restricted)
rElec    .         Harm     .   c - +0 cloak
rCorr    .         Rampage  .   (gloves unavailable)
Will     .....                  (boots unavailable)
Stlth    ++++......             (no amulet)
HPRegen  0.06/turn              n - +6 ring of strength
MPRegen  0.10/turn              (no ring)

@: heavily drained, very quick
A: very small, no large weapons, unfitting armour, see invisible, speed 3
a: Renounce Religion


You were on level 4 of the Dungeon.
You worshipped Sif Muna.
Sif Muna was noncommittal.
You visited 1 branch of the dungeon, and saw 4 of its levels.

You collected 212 gold pieces.

Inventory:

Hand Weapons
 a - a +3 dagger of speed (weapon)
 f - a +2 dagger
 j - a +0 dagger of freezing
Missiles
 d - 12 poisoned darts (quivered)
 e - 2 curare-tipped darts
 k - 29 arrows
 m - 12 bolts
 p - 51 stones
 t - 6 boomerangs
Armour
 b - a +0 robe (worn)
 c - a +0 cloak (worn)
Jewellery
 n - a +6 ring of strength (left hand)
Scrolls
 l - a scroll of magic mapping
 q - a scroll of teleportation
Potions
 g - 2 potions of curing
 i - a potion of mutation
 o - 2 potions of invisibility {unknown}
 r - a potion of brilliance
 u - a potion of resistance {unknown}
 v - a potion of degeneration {unknown}


   Skills:
 - Level 1.5 Fighting
 * Level 4.5 Short Blades
 - Level 2.0 Throwing
 - Level 1.3 Dodging
 + Level 7.6 Stealth
 + Level 1.5 Invocations


You had 4 spell levels left.
You didn't know any spells.
Your spell library was empty.

Dungeon Overview and Level Annotations

Branches:
Dungeon (4/15)
 Temple: D:4-7

Altars:
Sif Muna

Annotations:
D:4 Edmund


Innate Abilities, Weirdness & Mutations

You are very small and have problems with some larger weapons.
You are too small for most types of armour.
You have supernaturally acute eyesight. (SInv)
You cover ground extremely quickly. (Speed+++)


Message History

Edmund is moderately wounded.
You closely miss Edmund.
Edmund is moderately wounded.
Edmund hits you with a +0 flail of draining.
* * * LOW HITPOINT WARNING * * *
You feel drained.
* * * LOW HITPOINT WARNING * * *
You hit Edmund but do no damage.
Edmund is moderately wounded.
Edmund looks more healthy.
You see here a +0 hand axe.
Edmund clears his throat.
You are too injured to fight recklessly!
You are too injured to fight recklessly!
Throw: 15 darts (poison)
Press: ? - help, Q - select action, (/) - cycle Shift-Dir - straight line, f/p - Edmund
Aim: Edmund, wielding a +0 flail of draining and wearing a +0 ring mail (moderately wounded, 65% to hit)
You throw a poisoned dart. The poisoned dart hits Edmund.
Edmund is poisoned.
Edmund is moderately wounded.
Throw: 14 darts (poison)
Press: ? - help, Q - select action, (/) - cycle Shift-Dir - straight line, f/p - Edmund
Aim: Edmund, wielding a +0 flail of draining and wearing a +0 ring mail (heavily wounded, poisoned, 65% to hit)
You throw a poisoned dart. The poisoned dart barely misses Edmund.
Throw: 13 darts (poison)
Press: ? - help, Q - select action, (/) - cycle Shift-Dir - straight line, f/p - Edmund
Aim: Edmund, wielding a +0 flail of draining and wearing a +0 ring mail (heavily wounded, poisoned, 65% to hit)
You throw a poisoned dart. The poisoned dart hits Edmund.
Edmund looks even sicker.
Edmund is heavily wounded.
Edmund says, "People think my brother is the best.
I think he's crazy."
You aren't carrying any items that you can evoke.
You are confused.
You feel invigorated.
You feel less invigorated.
You feel less confused.
Edmund hits you with a +0 flail of draining!
You feel drained.
* * * LOW HITPOINT WARNING * * *
Edmund hits you with a +0 flail of draining!
You die...

##.[.....###.###.#.#....
...........#.......#.#....
#.##.#.....#.##.####.###.#
# ........................
#####.........#..##.#.###
#.............#.#.#
#.............#.#.#
#..........#.##.#.##
+...@@.....()......#
######........###.##.#..#
#....<........# #..#.#..##
.....#..........#
##.#.#...$ #.#
#..........# #...#.###
....######### ##..#.#
###.# #).#.# ..# ##.#.#
### #...#


You could see Edmund (very poisoned).

Vanquished Creatures
  A centaur skeleton (D:4)
  A bullfrog skeleton (D:3)
  5 adders
  2 dart slugs (D:2)
  6 ball pythons
  2 bats (D:3)
  2 endoplasms (D:1)
  2 giant cockroaches
  5 goblins
  6 hobgoblins
  12 jackals
  7 kobolds
  5 quokkas
  2 frilled lizards
  5 rats
63 creatures vanquished.

Notes
Turn   | Place    | Note
-------+----------+-------------------------------------------
     0 | D:1      | deadmanwalking the Spriggan Brigand began the quest for the
                  | Orb.
     0 | D:1      | Reached XP level 1. HP: 10/10 MP: 2/2
    16 | D:1      | Reached skill level 6 in Stealth
   210 | D:1      | Reached XP level 2. HP: 14/14 MP: 3/3
   985 | D:2      | Reached XP level 3. HP: 15/18 MP: 4/4
  1279 | D:2      | Reached skill level 7 in Stealth
  1296 | D:2      | Found a shimmering blue altar of Sif Muna.
  1317 | D:2      | Became a worshipper of Sif Muna the Loreminder
  1584 | D:2      | Reached XP level 4. HP: 22/22 MP: 5/5
  1997 | D:3      | Found a faded altar of an unknown god.
  2180 | D:3      | Reached skill level 1 in Invocations
  2349 | D:3      | Reached XP level 5. HP: 23/25 MP: 5/7
  2767 | D:4      | Noticed Edmund
  2807 | D:4      | Slain by Edmund

Illustrated notes

Levels and vault maps discovered:
D:1:      amcnicky_arrival_double_pillar, layout_loops_ring
D:2:      layout_basic, basic_altar, minmay_tetromino_o2
D:3:      layout_rooms, hellmonk_ecumenical_altar_blasted, st_stairs_1
D:4:      layout_basic, gammafunk_temple_overflow_pools, serial_shops, shop,
          uniq_edmund, uniq_menkaure

Skill      XL: |  1  2  3  4 |
---------------+-------------+-----
Stealth        | 6 7 |  7.6
Short Blades   | 3 4 |  4.5
Invocations    | 1 |  1.5
Fighting       | |  1.5
Throwing       | |  2.0
Dodging        | |  1.3

Action                   |  1- 3 |  4- 6 || total
-------------------------+-------+-------++-------
Melee: Dagger            |   114 |    81 ||   195
Throw: Dart              |       |     4 ||     4
  Use: Scroll            |     4 |     7 ||    11
       Potion            |       |     1 ||     1
 Stab: Sleeping          |    15 |     4 ||    19
       Distracted        |       |     2 ||     2
Armor: Robe              |    10 |    16 ||    26
Dodge: Dodged            |    57 |    33 ||    90

Table legend: (Time is in decaauts)
 A = Elapsed time spent in this place.
 B = Non-inter-level travel time spent in this place.
 C = Inter-level travel time spent in this place.
 D = Time resting spent in this place.
 E = Time spent auto-exploring this place.
 F = Levels seen in this place.
 G = Mean time per level.
                   A        B        C        D        E       F      G
               +--------+--------+--------+--------+--------+-----+--------+
         Total |   1881 |   1714 |    167 |      0 |   1264 |   4 |  470.2 |
       Dungeon |   1881 |   1714 |    167 |      0 |   1264 |   4 |  470.2 |
               +--------+--------+--------+--------+--------+-----+--------+

Top non-repeatable levels by time:
     D:2: 758 daAuts
     D:1: 549 daAuts
     D:3: 463 daAuts
     D:4: 110 daAuts
